 Dungeon Crawl Stone Soup version 0.19-a0 (webtiles) character file.

18 Loki the Grave Robber (level 2, 0/17 HPs)
             Began as an Octopode Necromancer on Apr 27, 2016.
             Succumbed to an adder's poison
             ... on level 3 of the Dungeon.
             The game lasted 00:04:56 (489 turns).

Loki the Grave Robber (Octopode Necromancer)         Turns: 489, Time: 00:04:57

Health: 0/17       AC:  1    Str:  7    XL:     2   Next: 70%
Magic:  3/5        EV: 12    Int: 17    God:
Gold:   86         SH:  0    Dex: 12    Spells: 1 memorised, 4 levels left

rFire  . . .     SeeInvis .       - Unarmed
rCold  . . .     Gourm    .     (no shield)
rNeg   . . .     Faith    .     (helmet restricted)
rPois  .         Spirit   .     (no amulet)
rElec  .         Dismiss  .     (no ring)
rCorr  .         Reflect  .     (no ring)
SustAt .         Harm     .     (no ring)
MR     .....                    (no ring)
Stlth  +++.......               (no ring)
                                (no ring)
                                (no ring)
                                (no ring)

@: lethally poisoned (0 -> -4), invisible, not resistant to hostile
enchantments, fairly stealthy
A: almost no armour, amphibious, 8 rings, constrict 8, camouflage 1, gelatinous
body 1
a: no special abilities


You were on level 3 of the Dungeon.
You were not hungry.

You visited 1 branch of the dungeon, and saw 3 of its levels.

You collected 86 gold pieces.

Inventory:

Jewellery
 d - an uncursed ring of stealth {unknown}
 e - an uncursed ring of resist corrosion {unknown}
Scrolls
 h - 4 scrolls of identify {unknown}
Potions
 c - a potion of might {unknown}
 f - a potion of curing {unknown}
 g - a potion of invisibility
 i - a potion of haste {unknown}
Books
 a - a book of Necromancy

   Spells                             Type                      Level
   a - Pain                           Necromancy                   1
   b - Animate Skeleton               Necromancy                   1
   c - Vampiric Draining              Necromancy                   3
   d - Regeneration                   Charms/Necromancy            3
   e - Animate Dead                   Necromancy                   4
   f - Control Undead                 Necromancy                   4
Comestibles
 b - a bread ration


   Skills:
 - Level 2.0 Dodging
 - Level 2.6 Stealth
 + Level 2.2 Unarmed Combat
 - Level 2.0 Spellcasting
 - Level 4.0 Necromancy


You had 4 spell levels left.
You knew the following spells:

 Your Spells              Type           Power        Failure   Level  Hunger
a - Pain                  Necr           ###.         3%          1    #......


Dungeon Overview and Level Annotations

Branches:
Dungeon (3/15)

Altars:

Portals:
Sewer: D:3

Annotations:
D:3 2 exclusions


Innate Abilities, Weirdness & Mutations

You cannot wear most types of armour.
You are amphibious.
You can wear up to eight rings at the same time.
You can use your tentacles to constrict eight enemies at once.
Your skin changes colour to match your surroundings (Stealth).
Your rubbery body absorbs attacks (AC +1).


Message History

Aim: an adder (chance to defeat MR: 80%)
The adder barely resists.
The adder bites you.
You are poisoned.
The adder poisons you!
The ball python bites you but does no damage.
The ball python grabs you. The ball python constricts you.
Your attempt to break free from the ball python fails, but you feel that another attempt might succeed.
You feel sick. The adder bites you.
* * * LOW HITPOINT WARNING * * *
The ball python bites you.
* * * LOW HITPOINT WARNING * * *
x2 The ball python constricts you.
You escape the ball python's grasp.
* * * LOW HITPOINT WARNING * * *
You feel sick. The adder misses you.
Unknown command.
Drink which item? (? for menu, Esc to quit)
It was a potion of invisibility.
You fade into invisibility!
You die...

#.# # #.# . #.# #.##.#######
#.#........# #......#†....#
#...Sr.#≈≈S..#
####S###≈r≈..# #.# #@#
≈r≈≈.# #.# #.# ∩≈r≈≈# #.#
##'## #####.. #####.##
##...## #. #......#
##.....## #..##..#
##.......##
##.#....####.........####...
..###......'.........'......
##.#....####.........####...


You could see an adder, a river rat and a ball python.

Vanquished Creatures
  An ooze (D:1)
  A dart slug (D:1)
  A giant gecko (D:1)
  A giant cockroach (D:1)
  A hobgoblin (D:1)
  A kobold (D:1)
  A bat (D:1)
  2 giant newts (D:1)
  A goblin (D:1)
  3 rats
13 creatures vanquished.

Notes
Turn   | Place    | Note
--------------------------------------------------------------
     0 | D:1      | Loki the Octopode Necromancer began the quest for the Orb.
     0 | D:1      | Reached XP level 1. HP: 11/11 MP: 3/3
    84 | D:1      | Reached skill level 1 in Unarmed Combat
   114 | D:1      | Reached XP level 2. HP: 2/17 MP: 0/5
   479 | D:3      | Found a glowing drain.
   489 | D:3      | Succumbed to an adder's poison

Vault maps used:
D:1:      dpeg_arrival_tiny_h
D:2:      old_standard_altar, first_bread, minmay_misc_feat_roman, uniq_iyjb
D:3:      lemuel_coloured_pillars_altar, grunt_pakellas_basics,
          portal_sewer_entry_b

Skill      XL: |  1  2 |
---------------+-------+-----
Unarmed Combat | 1 2 |  2.2
Dodging        | |  2.0
Stealth        | |  2.6
Spellcasting   | |  2.0
Necromancy     | |  4.0

Action                   || total
-------------------------++-------
Melee: Unarmed           ||    31
       Constrict         ||     6
       Tentacles         ||     4
 Cast: Pain              ||    10
  Use: Potion            ||     1
 Stab: Sleeping          ||     2
  Eat: Fruit             ||     3
Armor: Skin              ||     2
Dodge: Dodged            ||    18
